 Dungeon Crawl Stone Soup version 0.20.1-1-g8b1a95d66d (webtiles) character file.

35 Rrauwl the Ducker (level 3, 0/22 HPs)
             Began as a Kobold Transmuter on Dec 31, 2017.
             Slain by a gnoll
             ... wielding a +0 spear
              (3 damage)
             ... on level 2 of the Dungeon.
             The game lasted 00:05:01 (1164 turns).

Rrauwl the Ducker (Kobold Transmuter)               Turns: 1164, Time: 00:05:02

Health: 0/22       AC:  2    Str:  8    XL:     3   Next: 52%
Magic:  6/6        EV: 13    Int: 14    God:
Gold:   27         SH:  0    Dex: 15    Spells: 5/6 levels left

rFire    . . .     SeeInvis .     - Unarmed
rCold    . . .     Gourm    .   (shield restricted)
rNeg     . . .     Faith    .   b - +0 robe
rPois    .         Spirit   .   (no helmet)
rElec    .         Reflect  .   (no cloak)
rCorr    .         Harm     .   (no gloves)
MR       .....     Rnd*Tele +   (no boots)
Stlth    +.........             (no amulet)
Regen    0.1/turn               i - ring of teleportation (curse)
MPRegen  0.1/turn               (no ring)

@: constricted
A: carnivore 3
a: no special abilities


You were on level 2 of the Dungeon.
You were completely stuffed.

You visited 1 branch of the dungeon, and saw 2 of its levels.

You collected 27 gold pieces.

Inventory:

Missiles
 a - 22 arrows
Armour
 b - a +0 robe (worn)
Jewellery
 i - a cursed ring of teleportation (left hand)
Scrolls
 f - 2 scrolls of identify
 h - a scroll of remove curse
 j - a scroll of magic mapping
 k - a scroll of amnesia
Potions
 e - a potion of mutation {unknown}
Books
 c - a book of Changes

   Spells                             Type                      Level
   a - Beastly Appendage              Transmutation                1
   b - Sticks to Snakes               Transmutation                2
   c - Spider Form                    Transmutation/Poison         3
   d - Ice Form                       Ice/Transmutation            4
   e - Blade Hands                    Transmutation                5
Comestibles
 d - a meat ration
 l - 3 chunks of flesh


   Skills:
 + Level 2.4 Fighting
 + Level 3.6 Dodging
 - Level 3.0 Unarmed Combat
 - Level 2.1 Spellcasting
 - Level 2.0 Transmutations


You had 5 spell levels left.
You knew the following spells:

 Your Spells              Type           Power        Failure   Level  Hunger
a - Beastly Appendage     Tmut           #.....       11%         1    #......


Dungeon Overview and Level Annotations

Branches:
Dungeon (2/15)

Altars:


Innate Abilities, Weirdness & Mutations

You are small and have problems with some larger weapons.
You are carnivorous and can eat meat at any time.


Message History

The ball python constricts you. The gnoll misses you.
You barely miss the ball python.
The ball python is moderately wounded.
The goblin barely misses you. The ball python bites you.
The ball python constricts you. The gnoll barely misses you.
You completely miss the ball python.
The ball python is moderately wounded.
The goblin shouts!
The kobold throws a stone.
The stone hits you. The ball python closely misses you.
The ball python constricts you. The goblin hits you with a dagger.
The gnoll hits you from afar with a spear.
* * * LOW HITPOINT WARNING * * *
You closely miss the ball python.
The ball python is moderately wounded.
The ball python closely misses you. The ball python constricts you.
The gnoll closely misses you. The goblin hits you with a dagger.
* * * LOW HITPOINT WARNING * * *
The gnoll hits you from afar with a spear.
You die...

##.............
###.........#####.#
#................
##.......#.......
#.............g..
#.......g........
#......g.........
#......ggK.......
#.......S@####
##......g##
##.....## #######


You could see 3 gnolls, 3 goblins, a ball python and a kobold.

Vanquished Creatures
  An adder (D:2)
  3 leopard geckos (D:1)
  A ball python (D:1)
  2 giant cockroaches
  4 goblins
  2 hobgoblins
  4 bats (D:1)
  3 kobolds (D:1)
  2 rats (D:1)
22 creatures vanquished.

Notes
Turn   | Place    | Note
-------+----------+-------------------------------------------
     0 | D:1      | Rrauwl the Kobold Transmuter began the quest for the Orb.
     0 | D:1      | Reached XP level 1. HP: 12/12 MP: 3/3
   131 | D:1      | Reached XP level 2. HP: 17/17 MP: 5/5
   786 | D:1      | Reached XP level 3. HP: 15/21 MP: 6/6
  1164 | D:2      | Slain by a gnoll

Skill      XL: |  1  2 |
---------------+-------+-----
Dodging        | 3 |  3.6
Fighting       | 2 |  2.4
Unarmed Combat | |  3.0
Spellcasting   | |  2.1
Transmutations | |  2.0

Action                   || total
-------------------------++-------
Melee: Unarmed           ||    97
       Punch             ||     2
       Kick              ||     4
       Headbutt          ||     1
 Cast: Beastly Appendage ||     3
  Use: Scroll            ||     5
       Potion            ||     1
 Stab: Sleeping          ||     1
  Eat: Chunk             ||     9
Armor: Robe              ||    14
Dodge: Dodged            ||   106
